Map: Arctic Dream LE

Players

holyu

  • Race: Terran Terran
  • League: Platinum
  • Spawn Location: 11:00

Fellows

  • Race: Terran Terran
  • League: Diamond
  • Spawn Location: 12:00

qqq - Winner!

  • Race: Zerg Zerg
  • Spawn Location: 5:00

Massa - Winner!

  • Race: Terran Terran
  • League: Platinum
  • Spawn Location: 6:00

VOD

Have the link to the VOD?

Description

Time

  • Played on: March 18, 2021, 5:31 p.m.
  • Length: 21:28
Show
View Real Time Build Order
Export as new Build Order

holyu Terran 

Build Orders: Reaper Expand 

Get SALT Encoding   

  12  0:00  SCV  
  13  0:12  SCV  
  14  0:17  Supply Depot  
  14  0:24  SCV  
  15  0:39  SCV  
  15  0:41  Barracks  
  16  0:44  Refinery  
  16  0:51  SCV  
  17  1:03  SCV  
  18  1:15  SCV  
  19  1:27  Orbital Command  
  19  1:29  Reaper  
  20  1:41  Command Center  
  20  1:54  SCV, Barracks  
  21  2:04  Supply Depot  
  21  2:08  Barracks Tech Lab  
  21  2:15  SCV  
  22  2:28  SCV  
  23  2:32  Stimpack  
  23  2:36  Marine  
  24  2:40  SCV  
  25  2:45  Barracks Reactor  
  25  2:55  Marine  
  26  3:13  Factory  
  26  3:14  SCV  
  26  3:19  Refinery, Orbital Command  
  27  3:26  SCV  
  28  3:29  Engineering Bay x2  
  28  3:30  Marine x2  
  28  3:31  Marine  
  31  3:36  Supply Depot  
  31  3:45  SCV x2  
  33  3:49  Marine x3  
  36  3:56  Refinery  
  36  4:00  Refinery  
  36  4:04  Starport, SCV x2, Factory Reactor  
  38  4:12  Marine  
  38  4:13  Marine x2  
  38  4:16  SCV  
  42  4:27  SCV  
  42  4:30  Terran Infantry Weapons Level 1  
  42  4:31  Terran Infantry Armor Level 1  
  43  4:34  Missile Turret  
  43  4:42  Missile Turret  
  43  4:43  SCV x2  
  45  4:53  Medivac x2  
  45  4:55  SCV x2  
  45  4:57  Combat Shield  
  51  5:03  Marine x3  
  51  5:05  Factory Tech Lab  
  54  5:12  Supply Depot  
  54  5:14  Supply Depot  
  54  5:33  Supply Depot  
  54  5:34  SCV x2, Marine x3  
  59  5:36  Siege Tank  
  59  5:38  Medivac x2  
  66  5:46  SCV x2  
  68  5:50  Armory  
  68  5:52  Supply Depot  
  68  5:58  SCV  
  57  6:16  Marine x3  
  57  6:18  Medivac x2, Siege Tank  
  56  6:19  SCV x2  
  62  6:34  Marine  
  63  6:41  Terran Infantry Weapons Level 2  
  63  6:47  Terran Infantry Armor Level 2  
  63  6:48  Marine  
  63  6:49  Marine  
  63  6:52  Marine  
  66  7:03  Barracks x2  
  66  7:06  Marine, Command Center  
  67  7:13  Marine x2  
  69  7:16  SCV x2  
  71  7:24  Marine  
  71  7:28  SCV x2  
  74  7:30  Medivac x2, Siege Tank  
  74  7:31  Marine  
  74  7:34  Ghost Academy  
  82  7:40  SCV x2, Terran Vehicle Weapons Level 1  
  84  7:44  Armory  
  84  7:51  Marine  
  84  7:52  Marine  
  84  7:54  Barracks Reactor  
  84  7:57  SCV, Marine x2  
  70  8:09  Marine  
  57  8:13  Marine x2  
  57  8:15  Marine x2  
  40  8:27  Marine  
  40  8:30  Marine  
  40  8:31  Marine  
  40  8:33  Marine x2  
  37  8:45  Marine  
  38  8:48  Marine x2  
  38  8:51  Marine x2  
  40  9:03  Marine  
  40  9:06  Marine x2  
  40  9:09  Marine x2  
  38  9:21  Marine  
  33  9:24  Marine  
  33  9:26  Marine x2  
  28  9:42  Marine  
  28  9:44  Marine x2  
  30  9:51  Barracks  
  29  10:00  Marine  
  29  10:02  Marine  
  29  10:03  Supply Depot  
  29  10:06  Barracks Tech Lab, Supply Depot  
  30  10:17  Marine  
  30  10:21  SCV x2  
  33  10:27  Starport Reactor  
  33  10:33  SCV  
  34  10:37  Barracks Tech Lab  
  34  10:38  Barracks Tech Lab  
  34  10:41  SCV  
  35  10:44  Barracks Tech Lab  
  35  10:45  SCV  
  35  10:48  Terran Infantry Weapons Level 3  
  36  10:58  SCV x2  
  38  11:10  SCV x2  
  31  11:33  Marine x2  
  31  11:35  Siege Tank  
  33  11:47  Marine  
  33  11:51  Marine x2  
  17  12:04  Marine  
  18  12:09  Marine x2  
  17  12:26  Marine  
  17  12:27  Marine  
  3  12:44  Marine  
Show
View Real Time Build Order
Export as new Build Order

Fellows Terran 

Build Orders: Gas First Reaper Expand 

Get SALT Encoding   

  12  0:00  SCV  
  13  0:12  SCV  
  14  0:17  Supply Depot  
  14  0:24  SCV  
  15  0:29  Refinery  
  15  0:39  SCV  
  16  0:45  Barracks  
  16  0:52  SCV  
  17  1:04  SCV  
  18  1:16  SCV  
  19  1:37  Orbital Command  
  19  1:38  Reaper  
  20  1:49  Command Center  
  20  2:00  Factory  
  20  2:05  SCV  
  21  2:11  Supply Depot  
  21  2:20  SCV  
  22  2:23  Refinery  
  22  2:24  Barracks Reactor  
  22  2:32  SCV  
  23  2:49  Command Center  
  23  2:53  SCV  
  24  3:00  Factory Tech Lab  
  25  3:05  Refinery  
  25  3:12  SCV  
  26  3:13  Orbital Command  
  25  3:24  SCV  
  26  3:29  Marine x2  
  28  3:38  SCV  
  28  3:40  SCV  
  30  3:50  SCV  
  30  3:51  Starport  
  30  3:52  SCV  
  30  3:53  Siege Tank  
  35  4:01  Refinery  
  35  4:03  SCV  
  35  4:05  Orbital Command  
  35  4:08  SCV  
  36  4:20  SCV  
  36  4:21  SCV  
  37  4:31  Siege Tank  
  37  4:32  SCV, Starport Tech Lab  
  37  4:33  SCV  
  37  4:35  SCV  
  37  4:37  Fusion Core  
  37  4:38  Marine x2  
  43  4:44  SCV  
  46  4:47  SCV x2  
  48  4:55  Orbital Command  
  48  4:57  SCV  
  48  4:59  SCV  
  50  5:01  Bunker  
  50  5:09  SCV  
  50  5:11  SCV  
  52  5:17  Supply Depot  
  52  5:18  Refinery  
  52  5:19  Marine x2  
  52  5:20  SCV, Supply Depot  
  52  5:21  SCV  
  56  5:24  SCV  
  57  5:31  Supply Depot  
  57  5:32  SCV  
  57  5:33  SCV  
  59  5:36  SCV  
  60  5:44  Refinery, SCV  
  60  5:45  SCV  
  60  5:47  Weapon Refit, Battlecruiser  
  68  5:50  SCV, Engineering Bay  
  68  5:57  SCV x2  
  70  6:00  Starport  
  70  6:02  SCV  
  72  6:06  Siege Tank  
  72  6:09  SCV x2  
  77  6:14  SCV  
  78  6:20  Armory  
  78  6:21  SCV  
  78  6:22  Armory  
  78  6:25  Starport, SCV  
  80  6:26  SCV  
  81  6:33  SCV  
  81  6:36  Command Center  
  81  6:37  SCV  
  81  6:39  Starport Tech Lab  
  83  6:47  Supply Depot  
  83  6:48  Supply Depot  
  83  6:53  Command Center  
  83  7:09  Battlecruiser, Siege Tank  
  92  7:23  Battlecruiser  
  92  7:24  Starport Tech Lab, SCV x2  
  92  7:25  SCV  
  101  7:41  Supply Depot  
  101  7:43  Supply Depot  
  101  7:45  Supply Depot  
  101  7:47  SCV x3, Siege Tank  
  101  7:48  Battlecruiser  
  101  7:49  Orbital Command  
  113  7:52  Terran Vehicle And Ship Armor Level 1, Terran Ship Weapons Level 1  
  112  8:20  Siege Tank  
  112  8:23  SCV  
  112  8:24  SCV x2  
  109  8:44  Battlecruiser x2  
  114  8:51  SCV  
  114  8:52  SCV, Battlecruiser, Siege Tank  
  114  8:53  SCV  
  114  8:54  Refinery  
  114  8:55  Supply Depot x2  
  126  8:56  Supply Depot  
  126  9:05  SCV  
  126  9:07  SCV x4  
  131  9:17  SCV  
  131  9:19  SCV x4  
  131  9:24  Siege Tank  
  139  9:29  SCV  
  139  9:31  SCV  
  128  9:48  Battlecruiser x2  
  140  9:56  SCV x3, Siege Tank  
  140  9:57  Planetary Fortress  
  146  10:00  Refinery  
  146  10:02  Missile Turret  
  146  10:06  Missile Turret  
  146  10:07  Missile Turret  
  146  10:11  Missile Turret  
  146  10:12  Factory  
  146  10:13  Factory  
  146  10:14  Terran Vehicle And Ship Armor Level 2, Terran Ship Weapons Level 2  
  146  10:15  Factory, Missile Turret  
  146  10:23  Missile Turret  
  146  10:28  Siege Tank  
  149  10:42  Neosteel Armor  
  149  10:44  Missile Turret  
  149  10:57  Missile Turret  
  149  10:58  Missile Turret  
  149  11:02  Missile Turret  
  149  11:04  Missile Turret  
  149  11:05  Missile Turret  
  149  11:06  Missile Turret  
  149  11:07  Missile Turret x2  
  149  11:09  Missile Turret x2  
  149  11:10  Missile Turret  
  149  11:11  Missile Turret  
  149  11:25  Battlecruiser x2  
  149  11:26  Siege Tank  
  145  11:42  Factory Reactor  
  145  11:43  Factory Reactor x2  
  139  11:47  Infernal Pre-Igniter  
  139  11:56  SCV x4  
  139  11:57  Battlecruiser  
  139  11:58  Siege Tank  
  140  12:22  Hi-Sec Auto Tracking, Hellion x4  
  146  12:23  Hellion x2  
  146  12:25  SCV x2  
  146  12:29  Battlecruiser  
  154  12:30  Hellion  
  154  12:35  Command Center  
  156  12:40  Factory  
  156  12:43  Hellion x2  
  156  12:44  Hellion x3  
  166  12:52  Hellion  
  166  12:53  Hellion  
  170  13:05  Hellion x5  
  174  13:13  Hellion  
  174  13:14  Hellion  
  172  13:26  Hellion x2  
  172  13:27  Hellion x3  
  172  13:28  Missile Turret  
  172  13:29  Terran Vehicle And Ship Armor Level 3, Missile Turret, Terran Ship Weapons Level 3  
  172  13:31  SCV  
  172  13:32  SCV x3  
  171  13:35  Hellion  
  171  13:36  Hellion  
  175  13:41  Missile Turret  
  175  13:43  SCV  
  175  13:44  Battlecruiser  
  175  13:47  Missile Turret, Battlecruiser  
  188  13:51  Refinery, Missile Turret  
  188  13:52  Missile Turret  
  188  13:54  Refinery  
  188  13:55  Thor, Missile Turret  
  184  14:22  Hellion x5  
  170  14:35  Widow Mine  
  162  14:38  Thor  
  162  14:43  Widow Mine x4  
  162  14:44  Hellion  
  162  14:45  Factory Tech Lab  
  170  14:50  Factory  
  166  14:56  Hellion  
  133  15:14  Liberator x2  
  133  15:15  Battlecruiser  
  133  15:16  Hellion x3  
  129  15:21  Thor  
  131  15:29  SCV  
  121  15:36  Planetary Fortress  
  105  15:57  Liberator  
  105  15:58  Battlecruiser  
  105  16:04  Thor  
  104  16:19  Battlecruiser  
  110  16:30  Factory  
  110  16:31  Factory  
  110  16:40  Battlecruiser  
  110  16:47  Thor  
  103  16:56  Command Center  
  100  17:02  Battlecruiser  
  103  17:14  Missile Turret  
  103  17:15  Missile Turret  
  102  17:17  Missile Turret  
  102  17:19  Factory Tech Lab  
  102  17:20  Factory Tech Lab  
  96  17:23  Battlecruiser  
  96  17:26  Factory Tech Lab  
  102  17:31  Hellion x2  
  102  17:45  Battlecruiser  
  102  17:46  Thor  
  114  17:53  Hellion x2  
  114  18:06  Battlecruiser  
  104  18:14  Hellion x2  
  92  18:27  Battlecruiser  
  82  18:49  Battlecruiser  
  82  18:51  Hellion x2  
  82  18:57  Hellion x2  
  82  19:02  Missile Turret  
  86  19:05  Thor  
  92  19:10  Battlecruiser  
  98  19:24  Thor x2  
  102  20:09  Battlecruiser  
  102  20:10  Battlecruiser  
  114  20:16  Command Center  
  95  20:34  Command Center  
  98  20:53  Hellion x3  
Show
View Real Time Build Order
Export as new Build Order

qqq Zerg - Winner!

Build Orders: Hatch First 

Get SALT Encoding   

  12  0:03  Drone  
  13  0:16  Drone  
  13  0:20  Overlord  
  14  0:44  Hatchery  
  13  1:01  Drone x2  
  13  1:02  Drone  
  16  1:06  Extractor  
  15  1:19  Drone  
  16  1:35  Drone x2  
  18  1:50  Drone  
  18  1:51  Spawning Pool  
  18  2:04  Hatchery  
  17  2:14  Drone  
  17  2:15  Drone  
  18  2:16  Drone x2  
  20  2:33  Drone x2  
  20  2:35  Drone  
  23  2:37  Metabolic Boost  
  23  2:44  Queen  
  25  2:52  Queen  
  27  2:59  Overlord  
  27  3:01  Zergling x2  
  28  3:08  Overlord  
  28  3:15  Drone, Evolution Chamber  
  28  3:17  Zergling x2  
  28  3:19  Zergling x2  
  30  3:22  Zergling x2  
  30  3:25  Zergling x2  
  30  3:26  Zergling x2  
  33  3:34  Zergling x4  
  33  3:35  Drone  
  36  3:52  Zerg Melee Weapons Level 1  
  36  3:57  Extractor  
  36  3:58  Queen  
  37  4:05  Zergling x8  
  37  4:06  Drone x2  
  43  4:20  Zergling x6  
  43  4:21  Drone x2  
  47  4:31  Zergling x4  
  47  4:33  Overlord x2  
  48  4:46  Baneling Nest  
  48  4:50  Zergling x4  
  49  4:53  Drone  
  49  4:55  Drone  
  49  4:58  Drone  
  52  5:01  Drone  
  52  5:04  Drone  
  52  5:06  Drone  
  55  5:09  Drone  
  56  5:19  Drone x2, Overlord  
  56  5:20  Drone  
  59  5:26  Evolution Chamber  
  58  5:29  Drone  
  58  5:32  Lair  
  58  5:34  Drone  
  60  5:38  Baneling x4  
  60  5:39  Baneling  
  60  5:40  Baneling  
  60  5:41  Baneling  
  60  5:42  Zergling x2  
  61  5:46  Zerg Ground Armor Level 1  
  61  5:51  Drone x2, Zergling x2  
  61  5:52  Drone x2  
  61  5:55  Zergling x4  
  61  5:56  Zergling x2  
  69  6:02  Zerg Missile Weapons Level 1  
  69  6:03  Zergling x2  
  69  6:04  Drone, Zergling x2  
  72  6:16  Spore Crawler  
  72  6:17  Spore Crawler  
  70  6:18  Spore Crawler  
  70  6:24  Baneling x6  
  69  6:28  Centrifical Hooks  
  69  6:30  Drone x3  
  69  6:31  Drone  
  69  6:32  Overlord  
  73  6:34  Extractor  
  73  6:36  Extractor  
  71  6:42  Zergling x4  
  73  6:47  Overlord x2  
  73  6:48  Overlord  
  71  7:08  Hatchery  
  71  7:15  Spire, Spore Crawler  
  65  7:16  Spore Crawler  
  65  7:18  Queen, Spore Crawler x2  
  60  7:24  Spore Crawler  
  56  7:34  Spore Crawler  
  55  7:40  Drone x2, Spore Crawler  
  55  7:41  Drone x2  
  58  7:47  Drone x4  
  58  7:50  Drone  
  50  8:15  Zergling x2  
  50  8:16  Zergling x16  
  50  8:17  Zergling x12  
  64  8:27  Drone  
  64  8:28  Drone x2  
  67  8:36  Zergling x8  
  67  8:40  Corruptor  
  67  8:41  Corruptor  
  71  8:49  Baneling x5  
  71  8:50  Baneling x2  
  71  8:51  Baneling x7  
  71  8:52  Baneling  
  71  8:53  Baneling  
  71  8:58  Baneling  
  71  9:06  Drone x4  
  71  9:07  Drone x5  
  80  9:10  Extractor  
  80  9:12  Extractor  
  66  9:35  Zergling x6, Corruptor x2  
  66  9:37  Zergling x10  
  78  9:45  Drone x2  
  71  9:55  Drone x2  
  73  10:00  Corruptor  
  73  10:06  Corruptor  
  73  10:11  Corruptor  
  73  10:13  Drone x2  
  79  10:19  Spore Crawler  
  78  10:22  Spine Crawler, Spore Crawler  
  78  10:24  Extractor  
  78  10:25  Extractor  
  74  10:39  Corruptor x3  
  74  10:40  Corruptor  
  82  10:43  Zerg Flyer Armor Level 1  
  82  10:48  Corruptor  
  82  10:49  Drone  
  85  10:50  Drone x4, Zergling x2  
  85  10:51  Zergling x2  
  85  10:54  Corruptor  
  85  10:56  Zergling x2  
  85  10:57  Drone  
  94  11:21  Corruptor x4  
  94  11:22  Zergling x8  
  105  11:32  Corruptor x2  
  104  11:45  Corruptor x2  
  105  11:48  Drone x4  
  105  11:49  Drone x3  
  112  11:58  Overlord x2  
  112  11:59  Overlord  
  97  12:23  Mutalisk x2  
  97  12:24  Mutalisk x3  
  103  12:35  Drone  
  103  12:36  Drone x2, Infestation Pit  
  105  12:37  Zerg Flyer Weapons Level 1  
  105  12:46  Mutalisk x2  
  105  12:47  Drone x4  
  105  12:48  Drone x2  
  115  13:00  Hatchery  
  115  13:04  Hatchery  
  107  13:05  Mutalisk  
  107  13:06  Mutalisk x3  
  109  13:15  Mutalisk x2  
  113  13:21  Corruptor  
  113  13:22  Zergling x2  
  113  13:23  Zergling x12  
  122  13:42  Zergling x12  
  122  13:43  Zergling x2  
  125  14:00  Mutalisk x2  
  125  14:01  Mutalisk x3  
  130  14:12  Spine Crawler  
  130  14:16  Spine Crawler  
  94  14:28  Drone x4  
  94  14:29  Drone x6  
  99  14:32  Zergling x4  
  97  14:42  Drone  
  92  14:49  Drone x3  
  93  14:57  Spine Crawler  
  93  14:58  Drone x3  
  93  14:59  Spine Crawler  
  94  15:08  Mutalisk, Corruptor x4  
  94  15:09  Mutalisk x2  
  94  15:10  Drone x4  
  94  15:13  Hive  
  112  15:17  Drone x5  
  112  15:18  Drone  
  112  15:49  Zergling x6  
  113  15:50  Drone x6, Zergling x2  
  113  15:51  Drone x8  
  113  15:52  Drone x4  
  132  16:12  Spine Crawler  
  132  16:14  Spine Crawler  
  130  16:19  Swarm Host x3  
  130  16:20  Swarm Host x3  
  130  16:23  Overlord x3  
  148  16:25  Overlord  
  144  17:24  Corruptor, Viper x2  
  144  17:25  Mutalisk x3, Corruptor x2  
  144  17:26  Corruptor x4  
  169  17:38  Corruptor, Viper  
  169  17:39  Corruptor  
  157  18:21  Zerg Ground Armor Level 2  
  157  18:28  Ultralisk Cavern  
  156  18:45  Extractor  
  156  18:47  Extractor  
  152  19:10  Swarm Host x3  
  152  19:11  Overlord x4  
  152  19:12  Overlord x5  
  161  19:17  Anabolic Synthesis  
  161  19:19  Evolution Chamber  
  160  19:30  Ultralisk x4  
  160  19:31  Ultralisk x2  
  196  19:33  Zergling x6  
  199  19:51  Hatchery  
  196  20:00  Chitinous Plating  
  196  20:35  Hydralisk Den  
Show
View Real Time Build Order
Export as new Build Order

Massa Terran - Winner!

Build Orders: Reaper Expand 

Get SALT Encoding   

  12  0:00  SCV  
  13  0:12  SCV  
  14  0:17  Supply Depot  
  14  0:24  SCV  
  15  0:39  SCV  
  15  0:41  Barracks  
  16  0:51  Refinery, SCV  
  17  1:03  SCV  
  18  1:29  Orbital Command  
  18  1:38  Command Center  
  18  1:40  Reaper  
  19  1:57  SCV  
  20  2:08  Supply Depot  
  20  2:23  Marine  
  20  2:29  Factory  
  20  2:33  SCV  
  21  2:38  Supply Depot  
  21  2:42  Engineering Bay  
  21  2:46  SCV  
  22  2:59  SCV  
  22  3:01  Orbital Command  
  22  3:03  Barracks Reactor  
  23  3:11  SCV  
  23  3:14  Hellion  
  24  3:24  SCV  
  25  3:30  SCV  
  25  3:33  Refinery  
  25  3:35  Starport, Hellion  
  25  3:36  SCV  
  25  3:38  Missile Turret  
  28  3:42  SCV  
  29  3:49  Marine x2  
  29  3:52  SCV  
  29  3:54  SCV  
  33  3:59  Factory Tech Lab  
  33  4:04  SCV  
  33  4:07  Marine x2  
  36  4:11  Starport Tech Lab  
  36  4:13  SCV  
  36  4:16  SCV  
  38  4:19  Refinery  
  38  4:21  Missile Turret  
  38  4:25  SCV  
  38  4:26  Barracks  
  38  4:28  SCV  
  38  4:30  Widow Mine  
  38  4:31  Marine  
  42  4:34  Raven  
  42  4:35  Marine  
  42  4:37  SCV  
  47  4:40  SCV  
  48  4:49  SCV, Marine  
  50  4:52  Barracks  
  50  4:59  SCV  
  51  5:01  SCV  
  51  5:02  Supply Depot x2  
  51  5:04  Widow Mine, Supply Depot  
  54  5:14  Barracks Tech Lab  
  54  5:23  Marine x2, Medivac  
  54  5:24  SCV x2  
  54  5:25  Siege Tank  
  63  5:31  Refinery  
  63  5:35  Terran Infantry Weapons Level 1  
  63  5:36  SCV  
  63  5:39  Armory  
  64  5:43  Missile Turret  
  64  5:47  Sensor Tower  
  64  5:53  Marine x4  
  68  5:57  SCV x2  
  68  6:02  Stimpack  
  70  6:09  SCV  
  70  6:11  Marine x2  
  69  6:30  Barracks Tech Lab  
  69  6:37  Barracks  
  69  6:39  Siege Tank  
  72  6:40  Marine x2  
  72  6:41  Marauder  
  72  6:43  Raven  
  78  6:55  Combat Shield  
  78  7:06  Supply Depot x2  
  78  7:07  Supply Depot  
  78  7:08  Supply Depot  
  78  7:27  Marine x3, Medivac  
  78  7:28  SCV x2, Marauder  
  87  7:35  Supply Depot  
  87  7:36  Missile Turret  
  87  7:39  Terran Infantry Armor Level 1, Missile Turret  
  87  7:41  Concussive Shells  
  87  7:45  Marine  
  87  7:46  Missile Turret x2  
  85  7:57  Supply Depot  
  54  8:20  Marine  
  54  8:21  Marine x4  
  54  8:22  Supply Depot  
  54  8:23  Cyclone  
  59  8:38  Marine  
  59  8:39  Marine x3  
  61  8:45  SCV x2  
  57  8:57  SCV x2  
  59  9:09  SCV  
  57  9:10  SCV  
  57  9:12  Marine x5  
  61  9:21  SCV  
  59  9:29  Marine  
  59  9:30  Marine x4  
  58  9:45  Siege Tank  
  59  9:47  Marine  
  59  9:48  SCV x2, Marauder x2  
  66  9:54  Barracks Reactor  
  66  10:00  SCV x2, Missile Turret  
  66  10:01  Missile Turret  
  66  10:04  Command Center  
  66  10:05  Missile Turret  
  68  10:10  Marauder x2  
  68  10:12  SCV  
  68  10:13  Raven  
  75  10:17  Terran Infantry Weapons Level 2  
  75  10:31  Marauder  
  77  10:45  Marine x2  
  77  10:46  Marine x3  
  82  10:52  Marine, Corvid Reactor  
  82  10:56  Medivac  
  85  11:03  Marine x4  
  80  11:28  Marauder x2, Marine x4  
  77  11:49  Marauder  
  79  11:57  Marauder, Marine x3  
  79  11:58  Marine  
  79  11:59  Siege Tank  
  79  12:01  Raven  
  88  12:11  Marauder  
  88  12:15  Marine  
  90  12:43  Raven  
  90  12:47  Planetary Fortress  
  90  12:48  SCV  
  90  12:49  SCV  
  92  12:51  Marine  
  92  12:52  Marauder x2, Marine x3  
  100  13:00  SCV  
  100  13:01  SCV, Barracks  
  100  13:05  Barracks  
  102  13:09  Marine x2  
  104  13:13  SCV x2, Marauder  
  97  13:28  Raven  
  97  13:33  Widow Mine  
  93  13:35  Marine x6  
  93  13:41  SCV x3  
  102  13:46  Refinery  
  102  13:47  Refinery  
  102  13:52  Marine  
  102  13:53  SCV x3, Marine x5  
  102  13:55  Widow Mine  
  113  14:10  Marine  
  113  14:11  Marine  
  113  14:13  Command Center  
  113  14:16  Siege Tank  
  118  14:19  Marauder x2  
  118  14:20  Barracks Reactor, Barracks Tech Lab, Marine x2  
  124  14:28  Marine  
  124  14:29  Marine  
  126  14:37  Terran Infantry Weapons Level 3  
  126  14:40  Terran Vehicle And Ship Armor Level 1  
  126  14:41  Marauder x2  
  126  14:42  Engineering Bay  
  73  16:11  Marauder x2  
  73  16:12  Marauder, Marine x6  
  73  16:13  Siege Tank  
  73  16:17  Medivac  
  88  16:30  Marine x2  
  92  16:33  Marauder x3  
  96  16:45  Siege Tank  
  99  16:47  Medivac  
  100  16:54  Marauder  
  97  17:03  Marauder x2, Marine  
  97  17:04  Marine x5  
  107  17:12  SCV x3  
  112  17:15  Marauder  
  112  17:17  Raven, Siege Tank  
  112  17:21  Marine  
  112  17:22  Marine x3  
  119  17:24  SCV  
  119  17:25  Marauder  
  118  17:38  Marauder x2, Marine  
  118  17:39  Marine x3  
  125  17:46  Marauder  
  127  17:56  Orbital Command  
  127  17:59  Marauder  
  127  18:00  Marauder  
  119  18:20  Raven  
  119  18:21  Refinery  
  119  18:25  Refinery  
  112  18:46  Terran Infantry Armor Level 2  
  112  18:49  Terran Vehicle And Ship Armor Level 2  
  111  19:02  Raven, Marauder x3, Marine x6  
  119  19:15  Command Center  
  119  19:20  Marine x6  
  119  19:22  SCV x4  
  119  19:23  Marauder x3  
  134  19:34  SCV  
  134  19:37  Marine  
  134  19:38  Marine x3  
  134  19:45  Medivac  
  130  20:03  SCV x2  
  130  20:04  SCV x2  
  112  20:15  SCV x2  
  112  20:16  SCV x2  
  84  20:32  SCV x4  
  88  20:38  Missile Turret  
  88  20:39  Missile Turret x2  
  88  20:41  Raven  
  90  20:44  SCV x4  
  93  20:52  Marine x5  
  93  20:53  Marine x3  
  98  20:58  Missile Turret  
  92  21:10  Marine  
Tags
 
Add a new tag
Caveats
  • Supply blocks, unpowered buildings, or Contaminate may cause inaccurate times.
  • Supply counts are checked every 10 seconds.